 Dungeon Crawl Stone Soup version 0.21.1-1-g345015fe64 (webtiles) character file.

3973 Oravi the Transmogrifier (level 10, -4/102 HPs)
             Began as a Merfolk Transmuter on Apr 16, 2018.
             Was a Follower of Qazlal.
             Slain by KingHarkinian's ghost (9 damage)
             ... on level 8 of the Dungeon.
             The game lasted 00:42:05 (9928 turns).

Oravi the Transmogrifier (Merfolk Transmuter)       Turns: 9928, Time: 00:42:05

Health: -4/102     AC: 25    Str: 15    XL:     10   Next: 22%
Magic:  22/22      EV:  2    Int: 17    God:    Qazlal [*.....]
Gold:   131        SH:  1    Dex: 18    Spells: 8/13 levels left

rFire    . . .     SeeInvis .   h - staff of poison
rCold    . . .     Gourm    .   (no shield)
rNeg     + + +     Faith    .   (armour currently unavailable)
rPois    +         Spirit   .   (helmet currently unavailable)
rElec    .         Reflect  .   (cloak currently unavailable)
rCorr    .         Harm     .   (gloves currently unavailable)
MR       .....     NoTele   +   (boots currently unavailable)
Stlth    ++........             (no amulet)
HPRegen  0.27/turn              i - +2 ring of intelligence
MPRegen  0.18/turn              u - ring of magical power

@: mighty, tree-form
A: (change form in water), (swift swim), (stealthy swim), thin skeletal
structure 1
a: Renounce Religion


You were on level 8 of the Dungeon.
You worshipped Qazlal.
Qazlal was aware of your devotion.
You were hungry.
You were a tree.
You visited 2 branches of the dungeon, and saw 9 of its levels.

You collected 261 gold pieces.
You spent 130 gold pieces at shops.

Inventory:

Missiles
 a - 103 arrows
Armour
 b - a +0 robe (melded)
 j - a +1 pair of boots (melded)
 v - a +0 cloak (melded)
 C - a +1 robe of magic resistance
Magical Staves
 h - an uncursed staff of poison (weapon)
 l - an uncursed staff of conjuration
Jewellery
 i - a +2 ring of intelligence (left branch)
 u - a ring of magical power (right branch)
 z - an uncursed ring of fire
 H - an uncursed amulet of guardian spirit
Wands
 x - a wand of disintegration (15)
 F - a wand of polymorph (11)
 G - a wand of paralysis (9)
Scrolls
 f - 2 scrolls of blinking
 k - 4 scrolls of teleportation
 n - 3 scrolls of magic mapping
 r - 2 scrolls of enchant weapon
 t - 3 scrolls of fog
 y - a scroll of amnesia
 I - a scroll of enchant armour
Potions
 g - 2 potions of lignification
 m - a potion of resistance
 p - a potion of haste
 q - 3 potions of magic
 s - 2 potions of agility
 J - a potion of brilliance
Books
 c - a book of Changes

   Spells                             Type                      Level
   a - Beastly Appendage              Transmutation                1
   b - Sticks to Snakes               Transmutation                2
   c - Spider Form                    Transmutation/Poison         3
   d - Ice Form                       Ice/Transmutation            4
   e - Blade Hands                    Transmutation                5
Comestibles
 d - 14 rations
 E - 8 chunks of flesh


   Skills:
 + Level 2.5 Fighting
 - Level 0.3 Staves
 * Level 7.1 Dodging
 + Level 10.0 Unarmed Combat
 - Level 2.0 Spellcasting
 * Level 10.1 Transmutations
 * Level 7.4 Poison Magic


You had 8 spell levels left.
You knew the following spells:

 Your Spells              Type           Power        Failure   Level  Hunger
b - Sticks to Snakes      Tmut           #####...     1%          2    ###....
c - Spider Form           Tmut/Pois      #####.....   1%          3    ###....


Dungeon Overview and Level Annotations

Branches:
Dungeon (8/15)             Temple (1/1) D:6
   Lair: D:8-11

Altars:
Ashenzari
Cheibriados
Dithmenos
Elyvilon
Fedhas
Gozag
Hepliaklqana
Kikubaaqudgha
Makhleb
Nemelex Xobeh
Okawaru
Qazlal
Ru
Sif Muna
Trog
Uskayaw
Vehumet
Wu Jian
Xom
Yredelemnul
Zin
The Shining One

Shops:
D:4 (   D:6 }=(!   D:7 }

Annotations:
D:4 martbhell's ghost, amateur MiBe
D:8 KingHarkinian's ghost, journeyman MiGl


Innate Abilities, Weirdness & Mutations

((You revert to your normal form in water.))
((You are very nimble and swift while swimming.))
((You are very stealthy in the water. (Stealth+)))
((You are partially covered in iridescent scales. (AC +2)))
((You are partially covered in molten scales. (AC +2)))
You have a somewhat thin skeletal structure. (Dex +2, Stealth)


Message History

KingHarkinian's ghost is almost destroyed.
KingHarkinian's ghost hits you but does no damage.
You hit KingHarkinian's ghost but do no damage.
KingHarkinian's ghost is almost destroyed.
KingHarkinian's ghost hits you.
* * * LOW HITPOINT WARNING * * *
You hit KingHarkinian's ghost but do no damage.
KingHarkinian's ghost is almost destroyed.
KingHarkinian's ghost hits you but does no damage. x2
You hit KingHarkinian's ghost but do no damage.
KingHarkinian's ghost is almost destroyed.
KingHarkinian's ghost hits you.
* * * LOW HITPOINT WARNING * * *
Okay, then.
You cannot teleport because you are held in place by your roots.
Okay, then.
You hit KingHarkinian's ghost but do no damage.
KingHarkinian's ghost is almost destroyed.
KingHarkinian's ghost hits you!
You die...

^.#####.......#
....##..#.)...#
###......>#...#
......##..#####
########..## ########
##.........# ##......##
#.........# ##........#
##>........###...§......
##.........S##..♣.....>.
##..........##.W........
..........S.............
.###.########...$.......
..#..# ##.........#
#...## #...$......
....## #..........
##...# #.......... #...#
#........


You could see KingHarkinian's ghost.

Vanquished Creatures
  A two-headed ogre (D:8)
  Joseph (D:7)
  A hippogriff (D:7)
  3 water moccasins
  An orc warrior (D:6)
  3 phantoms
  A black bear (D:8)
  2 centaurs
  2 ogres
  3 bullfrogs
  2 scorpions
  5 killer bees (D:5)
  4 crimson imps
  7 hounds
  2 jellies
  2 orc wizards (D:6)
  A bullfrog skeleton (D:8)
  3 orc priests
  Jessica (D:2)
  3 iguanas
  Natasha (thrice) (D:2)
  4 worker ants
  A hound zombie (D:8)
  Robin (D:4)
  7 gnolls (D:3)
  8 adders
  3 shadow imps
  An ooze (D:1)
  3 worms
  A dart slug (D:4)
  6 leopard geckos
  21 orcs
  6 giant cockroaches
  15 goblins
  6 hobgoblins
  6 jackals
  5 quokkas
  A ball python (D:3)
  6 bats
  8 frilled lizards
  6 kobolds
  A quokka zombie (D:6)
  7 rats
174 creatures vanquished.

Vanquished Creatures (collateral kills)
  A phantom (D:4)
1 creature vanquished.

Grand Total: 175 creatures vanquished

Notes
Turn   | Place    | Note
-------+----------+-------------------------------------------
     0 | D:1      | Oravi the Merfolk Transmuter began the quest for the Orb.
     0 | D:1      | Reached XP level 1. HP: 15/15 MP: 3/3
   176 | D:1      | Reached XP level 2. HP: 21/21 MP: 3/5
   560 | D:2      | Noticed Robin
   693 | D:2      | Reached XP level 3. HP: 26/26 MP: 4/6
   697 | D:2      | Learned a level 2 spell: Sticks to Snakes
   701 | D:2      | Learned a level 3 spell: Spider Form
   703 | D:2      | Noticed Natasha
   716 | D:2      | Killed Natasha
  1025 | D:2      | Reached XP level 4. HP: 31/32 MP: 3/7
  1060 | D:2      | Noticed Natasha
  1066 | D:2      | Killed Natasha
  1080 | D:2      | Noticed Natasha
  1088 | D:2      | Killed Natasha
  1088 | D:2      | Reached skill level 1 in Poison Magic
  1256 | D:2      | Reached XP level 5. HP: 21/37 MP: 1/8
  1478 | D:2      | Found a basalt altar of Yredelemnul.
  1650 | D:2      | Found an opulent altar of Gozag.
  1768 | D:2      | Noticed Jessica
  1774 | D:2      | Killed Jessica
  1774 | D:2      | Reached skill level 5 in Transmutations
  3082 | D:3      | Reached skill level 5 in Unarmed Combat
  3089 | D:3      | Reached XP level 6. HP: 27/43 MP: 7/9
  3657 | D:3      | Reached XP level 7. HP: 32/48 MP: 7/10
  4531 | D:4      | Found a snail-covered altar of Cheibriados.
  4746 | D:4      | Noticed martbhell's ghost (amateur MiBe)
  4749 | D:4      | Killed Robin
  5149 | D:4      | Found Guilacyoq's Weapon Shoppe.
  5640 | D:5      | Entered Level 5 of the Dungeon
  5920 | D:5      | Found an ancient bone altar of Kikubaaqudgha.
  6129 | D:5      | Found a shimmering altar of Xom.
  6319 | D:5      | Reached XP level 8. HP: 46/55 MP: 11/11
  6443 | D:5      | Found a hide-covered altar of Uskayaw.
  6443 | D:5      | Found a shadowy altar of Dithmenos.
  6444 | D:5      | Found an ornate altar of the Wu Jian Council.
  6664 | D:6      | Found Risoxa's Antique Weapon Shoppe.
  6801 | D:6      | Reached skill level 5 in Dodging
  6970 | D:6      | Found Nulo's Jewellery Emporium.
  7249 | D:6      | Reached skill level 5 in Poison Magic
  7543 | D:6      | Found Selaufing's Gadget Boutique.
  7646 | D:6      | Found a staircase to the Ecumenical Temple.
  7655 | Temple   | Entered the Ecumenical Temple
  7734 | Temple   | Became a worshipper of Qazlal Stormbringer
  8090 | D:6      | Found Aleozoa's Distillery.
  8137 | D:6      | Bought a potion of heal wounds for 50 gold pieces
  8137 | D:6      | Bought a potion of mutation for 80 gold pieces
  8137 | D:6      | Gained mutation: You are partially covered in molten scales. (AC +2) [potion of mutation]
  8137 | D:6      | Gained mutation: You have a somewhat thin skeletal structure. (Dex +2, Stealth) [potion of mutation]
  8137 | D:6      | Gained mutation: You are partially covered in iridescent scales. (AC +2) [potion of mutation]
  8233 | D:7      | Reached XP level 9. HP: 61/61 MP: 12/12
  8878 | D:7      | Found Biliokuc's Gadget Shop.
  9037 | D:7      | Noticed Joseph
  9051 | D:7      | Killed Joseph
  9342 | D:7      | Found a sacrificial altar of Ru.
  9469 | D:8      | Noticed a two-headed ogre
  9488 | D:8      | Killed a two-headed ogre
  9488 | D:8      | Reached XP level 10. HP: 68/68 MP: 13/13
  9536 | D:8      | Reached * piety under Qazlal
  9536 | D:8      | Reached skill level 10 in Transmutations
  9649 | D:8      | Reached skill level 10 in Unarmed Combat
  9702 | D:8      | Found a stormy altar of Qazlal.
  9870 | D:8      | Noticed KingHarkinian's ghost (journeyman MiGl)
  9927 | D:8      | HP: 5/102 [KingHarkinian's ghost (6)]
  9928 | D:8      | Slain by KingHarkinian's ghost

Skill      XL: |  1  2  3  4  5  6  7  8  9 10 |
---------------+-------------------------------+-----
Unarmed Combat | 4 5 6 7 9 10 | 10.0
Transmutations | 3 4 5 6 7 8 9 10 | 10.1
Dodging        | 3 4 5 6 7 |  7.1
Poison Magic   | 1 2 3 5 7 |  7.4
Fighting       | 2 |  2.5
Staves         | |  0.3
Spellcasting   | |  2.0

Action                   |  1- 3 |  4- 6 |  7- 9 | 10-12 || total
-------------------------+-------+-------+-------+-------++-------
Melee: Unarmed           |    71 |   154 |   291 |    55 ||   571
       Headbutt          |     5 |     1 |       |       ||     6
       Punch             |     2 |       |       |     1 ||     3
       Staff             |       |     1 |     6 |    12 ||    19
       Tailslap          |       |       |     1 |       ||     1
 Cast: Beastly Appendage |    13 |     1 |       |       ||    14
       Spider Form       |     6 |    26 |    45 |     6 ||    83
       Sticks to Snakes  |       |       |    10 |    10 ||    20
 Abil: End Transformatio |       |       |     2 |     1 ||     3
  Use: Scroll            |     5 |     2 |    11 |     4 ||    22
       Potion            |       |     1 |     6 |     6 ||    13
 Stab: Sleeping          |     1 |     1 |     4 |     1 ||     7
       Distracted        |       |       |     1 |       ||     1
  Eat: Chunk             |     1 |     9 |    17 |     3 ||    30
       Ration            |       |     1 |     2 |       ||     3
Armor: Robe              |     7 |     5 |     1 |     1 ||    14
       Skin              |       |     1 |     7 |     6 ||    14
Dodge: Dodged            |    46 |   131 |   257 |    54 ||   488
Block: Other             |       |       |       |     1 ||     1
